 Dungeon Crawl Stone Soup version 0.27.0-1-g7a089689b8 (webtiles) character file.

Game seed: 13711627336007213438

420604 gimp the Scorcher (level 23, -17/171 HPs)
             Began as a Naga Earth Elementalist on Aug 5, 2021.
             Was the Champion of Vehumet.
             Demolished by an enormous slime creature (54 damage)
             ... on level 5 of the Pits of Slime.
             The game lasted 03:07:07 (70414 turns).

gimp the Scorcher (Naga Earth Elementalist)        Turns: 70414, Time: 03:07:07

Health: -17/171    AC: 31    Str: 15    XL:     23   Next: 70%
Magic:  11/45      EV:  3    Int: 28    God:    Vehumet [******]
Gold:   2268       SH: 18    Dex: 10    Spells: 13/58 levels left

rFire    + . .     SeeInvis +   a - staff of earth
rCold    + . .     Faith    .   F - +0 tower shield {reflect}
rNeg     + + +     Spirit   .   q - +1 chain mail of Mysticism {rF+ rC+ rN+++ Regen+}
rPois    +         Reflect  +   R - +2 helmet {Int+3}
rElec    .         Harm     .   D - +1 cloak of Joy {+Blink Will+}
rCorr    +         Rampage  .   d - +2 pair of gloves {Str+3}
Will     +++++                  i - +1 barding
Stlth    +.........             l - amulet of regeneration
HPRegen  2.38/turn              g - ring of resist corrosion
MPRegen  0.29/turn              h - ring of the Mage {Wiz Will++ Int+3}

@: brilliant, contaminated, glowing, studying 3 skills, very slow
A: AC +7, large, see invisible, deformed body, poison resistance, slowness 2,
spit poison 1, naga tail 2, clumsy 1, dopey 1
}: 2/15 runes: serpentine, barnacled
a: Spit Poison, Renounce Religion, Evoke Blink


You were on level 5 of the Pits of Slime.
You worshipped Vehumet.
Vehumet was exalted by your worship.
You visited 9 branches of the dungeon, and saw 44 of its levels.
You also visited: Bailey.

You collected 6390 gold pieces.
You spent 4122 gold pieces at shops.

Inventory:

Hand Weapons
 b - the +8 dagger of Soaxzit {speed, rElec}
   (You found it on level 2 of the Elven Halls)

   Attacks with this weapon are significantly faster.
   rElec:     It insulates you from electricity.
Missiles
 o - 3 throwing nets
Armour
 d - a +2 pair of gloves of strength (worn)
 i - a +1 barding (worn)
 q - the +1 chain mail of Mysticism (worn) {rF+ rC+ rN+++ Regen+}
   (You found it on level 3 of the Elven Halls)

   rF:        It protects you from fire.
   rC:        It protects you from cold.
   rN:        It renders you almost immune to negative energy.
   Regen:     It increases your rate of health regeneration.
 D - the +1 cloak of Joy (worn) {+Blink Will+}
   (You found it on level 6 of the Lair of Beasts)

   +Blink:    It lets you blink.
   Will:      It increases your willpower.
 F - a +0 tower shield of reflection (worn)
 R - a +2 helmet of intelligence (worn)
Magical Staves
 a - a staff of earth (weapon)
 I - a staff of fire
 Q - a staff of air
Jewellery
 f - the ring "Napreym" {rF++ rC+}
   (You found it on level 3 of the Elven Halls)

   [ring of protection from cold]

   rF:        It greatly protects you from fire.
   rC:        It protects you from cold.
 g - a ring of resist corrosion (left hand)
 h - the ring of the Mage (right hand) {Wiz Will++ Int+3}
   (You found it on level 3 of the Elven Halls)

   [ring of wizardry]

   It improves your spell success rate.
   Int:       It affects your intelligence (+3).
   Will:      It greatly increases your willpower.
 l - an amulet of regeneration (around neck)
Wands
 r - a wand of acid (56)
 w - a wand of mindburst (26)
 B - a wand of digging (9)
 M - a wand of iceblast (35)
 N - a wand of flame (131)
 T - a wand of paralysis (38)
Scrolls
 j - 4 scrolls of enchant weapon
 t - 4 scrolls of blinking
 u - 12 scrolls of teleportation
 v - 4 scrolls of enchant armour
 x - 4 scrolls of vulnerability
 y - 5 scrolls of fear
 z - a scroll of fog
 J - 2 scrolls of holy word
 K - 6 scrolls of amnesia
 L - 3 scrolls of summoning
 V - 7 scrolls of magic mapping
Potions
 e - 5 potions of berserk rage
 k - 8 potions of resistance
 m - 8 potions of brilliance
 n - 10 potions of haste
 p - 3 potions of flight
 s - 8 potions of might
 A - 19 potions of curing
 C - 3 potions of cancellation
 E - 4 potions of invisibility
 G - 4 potions of magic
 O - 5 potions of mutation
 P - 11 potions of heal wounds
 X - 7 potions of ambrosia
Miscellaneous
 c - a lightning rod (4/4)
 H - a tin of tremorstones (1/2)
 S - a box of beasts (inert)
 U - a phial of floods
 Z - a phantom mirror


   Skills:
 - Level 3.0 Fighting
 - Level 6.0 Short Blades
 + Level 8.9 Armour
 - Level 3.0 Dodging
 - Level 10.0 Stealth
 - Level 15.0 Shields
 + Level 18.4 Spellcasting
 - Level 15.0 Conjurations
 - Level 6.0 Necromancy
 - Level 8.0 Transmutations
 - Level 19.0 Fire Magic
 - Level 10.0 Earth Magic
 + Level 10.1 Evocations


You had 13 spell levels left.
You knew the following spells:

 Your Spells              Type           Power      Damage    Failure   Level
a - Iron Shot             Conj/Erth      60%        9d11      2%          6
c - Petrify               Tmut/Erth      100%       N/A       2%          4
d - Searing Ray           Conj           100%       3d7       1%          2
e - Lee's Rapid Deconstr  Erth           55%        3d27*     1%          5
f - Borgnjor's Vile Clut  Necr/Erth      51%        N/A       10%         5
g - Bolt of Magma         Conj/Fire/Erth 63%        4d25      1%          5
h - Irradiate             Conj/Tmut      47%        3d29      1%          5
j - Ignition              Fire           57%        3d16      7%          8
k - Fireball              Conj/Fire      55%        3d21      1%          5

Your spell library contained the following spells:

 Spells                   Type           Power      Damage    Failure   Level
 Fire Storm               Conj/Fire      55%        8d14      85%         9
 Chain Lightning          Conj/Air       40%        3d53      100%        9
 Shatter                  Erth           55%        3d42*     100%        9
 Animate Skeleton         Necr           100%       N/A       1%          1
 Magic Dart               Conj           100%       1d8       1%          1
 Pain                     Necr           100%       1d9       1%          1
 Sandblast                Erth           100%       2d20      1%          1
 Shock                    Conj/Air       100%       1d9       1%          1
 Passwall                 Tmut/Erth      89%        N/A       1%          2
 Ignite Poison            Fire/Tmut/Pois 85%        N/A       1%          3
 Inner Flame              Hex/Fire       87%        N/A       1%          3
 Mephitic Cloud           Conj/Pois/Air  69%        N/A       1%          3
 Stone Arrow              Conj/Erth      100%       3d13      1%          3
 Hailstorm                Conj/Ice       80%        3d16      1%          4
 Starburst                Conj/Fire      55%        8x6d15    1%          6
 Vampiric Draining        Necr           36%        2d11      2%          3
 Lightning Bolt           Conj/Air       40%        1d59      3%          5
 Orb of Destruction       Conj           52%        9d16      4%          7
 Spider Form              Tmut/Pois      32%        N/A       5%          3
 Animate Dead             Necr           36%        N/A       8%          4
 Animate Armour           Summ/Erth      100%       N/A       12%         4
 Call Imp                 Summ           38%        N/A       14%         2
 Ensorcelled Hibernation  Hex/Ice        76%        N/A       14%         2
 Ice Form                 Ice/Tmut       64%        N/A       17%         4
 Airstrike                Air            19%        N/A       22%         4
 Olgreb's Toxic Radiance  Pois           38%        N/A       22%         4
 Gell's Gravitas          Tloc           19%        N/A       26%         3
 Lesser Beckoning         Tloc           19%        N/A       26%         3
 Summon Guardian Golem    Hex/Summ       38%        N/A       26%         3
 Swiftness                Air            38%        N/A       26%         3
 Teleport Other           Tloc           38%        N/A       26%         3
 Statue Form              Tmut/Erth      71%        N/A       32%         6
 Alistair's Intoxication  Tmut/Pois      42%        N/A       43%         5
 Eringya's Noxious Bog    Tmut/Pois      32%        N/A       50%         6
 Lehudib's Crystal Spear  Conj/Erth      60%        10d14     58%         8
 Cause Fear               Hex            19%        N/A       63%         4
 Summon Lightning Spire   Summ/Air       38%        N/A       63%         4
 Dragon Form              Tmut           41%        N/A       94%         7
 Simulacrum               Ice/Necr       29%        N/A       98%         6
 Dispersal                Tloc           19%        N/A       100%        6
 Invisibility             Hex            19%        N/A       100%        6
 Shadow Creatures         Summ           N/A        N/A       100%        6
 Haunt                    Necr/Summ      29%        N/A       100%        7
 Ozocubu's Refrigeration  Ice            19%        4d8       100%        7
 Infestation              Necr           36%        N/A       100%        8
 Necromutation            Tmut/Necr      39%        N/A       100%        8
 Dragon's Call            Summ           19%        N/A       100%        9


Dungeon Overview and Level Annotations

Branches:
Dungeon (15/15)            Temple (1/1) D:6            Lair (6/6) D:9
 Shoals (4/4) Lair:3        Snake (4/4) Lair:4        Slime (5/5) Lair:5
    Orc (2/2) D:10            Elf (3/3) Orc:2        Vaults (4/5) D:13
  Crypt (0/3) Vaults:2     Depths (0/5) D:15         Bailey (visited)

Altars:
Ashenzari
Cheibriados
Dithmenos
Elyvilon
Fedhas
Gozag
Hepliaklqana
Kikubaaqudgha
Makhleb
Nemelex Xobeh
Okawaru
Qazlal
Ru
Sif Muna
Trog
Uskayaw
Vehumet
Wu Jian
Xom
Yredelemnul
Zin
The Shining One
Jiyva

Shops:
D:4 *   D:5 :   D:11 !   D:12 *[   D:15 :   Orc:1 *=[=!   Orc:2 **[*=   Elf:3 [
Snake:1 :[   Snake:3 :?!   Snake:4 =   Vaults:1 (:([

Portals:
Hell: Lair:6
Pandemonium: Orc:2

Annotations:
D:9 Harold


Innate Abilities, Weirdness & Mutations

Your serpentine skin is tough. (AC +7)
You have supernaturally acute eyesight. (SInv)
Armour fits poorly on your strangely shaped body.
Your system is resistant to poisons. (rPois)
You cover ground very slowly.
You can spit poison.
You can use your snake-like lower body to constrict enemies.
You are clumsy. (Dex -2)
You are dopey. (Int -2)


Message History

You feel your power returning.
The fireball engulfs the slime creature!!
You kill the slime creature!
Vehumet accepts your kill.
You feel your power returning.
The fireball engulfs the slime creature!
The slime creature is heavily wounded.
The fireball engulfs the enormous slime creature!!
The enormous slime creature is moderately wounded.
The fireball engulfs the slime creature!!
The slime creature is almost dead.
The fireball engulfs the enormous slime creature!
The enormous slime creature is moderately wounded.
The fireball engulfs the slime creature!!!
You kill the slime creature!
Vehumet accepts your kill.
You feel your power returning.
You regained 2 hp, and now have 96/171 hp.
You regained 2 mp, and now have 13/45 mp.
You hit the enormous slime creature but do no damage.
You shatter the enormous slime creature.
The enormous slime creature is moderately wounded.
You are no longer corroded.
You block the enormous slime creature's attack.
The enormous slime creature hits you!!
You take 25 damage, and have 71/171 hp.
Unknown command.
Casting: Ignition (dangerous; 7% risk of failure)
Confirm with . or Enter, or press ? or * to list all spells.
Aiming: Iron Shot (mildly dangerous; 2% risk of failure)
Press: ? - help, Shift-Dir - straight line, f - enormous slime creature
Aim: an enormous slime creature (moderately wounded, 96% to hit)
You feel a strong surge of power!
The iron shot hits the enormous slime creature!!!
The enormous slime creature is heavily wounded.
The enormous slime creature hits you!!!
* * * LOW HITPOINT WARNING * * *
You take 45 damage, and have 26/171 hp.
MASSIVE DAMAGE!!
You now have 11/45 mp.
You feel better. The enormous slime creature hits you!!!
You die...

.........# #.... .........# #.
#.... .........## ## ##....
..........## #. ##.....
...........## #.## ##......
............## #..# ##.......
.............#####.####........
.............J.................
..............@................
...............................
...............................
#..............................
##.............................
.............................
............................
...........................
...........................


You could see an enormous slime creature.

Vanquished Creatures
  the Royal Jelly (Slime:5)
  Margery (Vaults:2)
  Jorgrun (D:12)
  Rupert (Lair:4)
  2 titans
  2 deep elf master archers (Elf:3)
  19 acid blobs
  2 deep elf blademasters (Elf:3)
  2 sphinxes
  A shadow dragon (Vaults:2)
  Agnes (D:14)
  14 rockslimes
  Donald (Elf:3)
  Ilsuiw (Shoals:2)
  6 nagarajas
  The ghost of Lepuefeh the Tortoise, a journeyman MiBe of Trog (Orc:2)
  9 azure jellies
  A fire giant (D:15)
  2 deep elf sorcerers (Elf:3)
  An orc warlord (Vaults:4)
  A frost giant (Vaults:4)
  15 vault wardens
  5 deep elf elementalists (Elf:3)
  10 ironbound preservers
  9 quicksilver oozes
  A war gargoyle (Vaults:1)
  5 very ugly things (Vaults:1)
  8 dire elephants
  5 deep elf demonologists
  An entropy weaver (Vaults:2)
  The ghost of Sobieck the Basher, a journeyman MiMo of Hepliaklqana (Lair:5)
  10 deep elf annihilators
  5 merfolk javelineers
  8 merfolk impalers (Shoals:4)
  8 deep elf death magi
  An ettin (Vaults:4)
  The ghost of jejorda2 the Slicer, a journeyman SpAE of Xom (Lair:6)
  6 great orbs of eyes
  9 yaktaur captains
  The ghost of karkarkar the Cleaver, a journeyman MiBe of Trog (D:10)
  16 naga warriors
  A deep elf high priest (Elf:3)
  A salamander tyrant (Snake:2)
  13 vault guards
  A rakshasa (D:14)
  5 boulder beetles
  A hell beast (Lair:6)
  A peacekeeper (Vaults:1)
  A merfolk avatar (Shoals:4)
  5 centaur warriors
  10 ironbound thunderhulks
  An ogre mage (D:15)
  Erica (D:11)
  2 catoblepae
  8 hydras
  3 death knights
  10 anacondas
  16 dancing weapons
  7 merfolk aquamancers
  2 tengu warriors
  7 ironbound frosthearts
  14 two-headed ogres
  9 orc high priests
  3 hell knights (Vaults:2)
  8 ironbound beastmasters
  9 naga sharpshooters
  A sixfirhy (Orc:2)
  9 shock serpents
  17 deep elf knights
  A soul eater (Orc:2)
  An infernal demonspawn (Orc:2)
  7 salamander mystics
  23 deep trolls
  16 sea snakes
  5 large abominations (Elf:2)
  3 glowing orange brains
  A gelid demonspawn (Orc:2)
  18 ironbound convokers
  7 naga ritualists
  15 wizards
  15 deep elf zephyrmancers
  10 orc knights
  5 lindwurms
  2 necromancers (Vaults:2)
  10 deep elf archers
  19 harpies
  A phantasmal warrior (D:14)
  8 mana vipers
  18 deep elf pyromancers
  3 oklob plants (Lair:3)
  3 fauns
  13 salamanders
  31 ugly things
  5 cyclopes
  4 orc sorcerers
  A moth of wrath (Lair:6)
  5 shining eyes
  23 manticores
  8 merfolk sirens
  5 guardian serpents
  Maurice (D:9)
  11 elephants
  8 water nymphs
  2 smoke demons
  14 vault sentinels
  2 eyes of devastation (Slime:2)
  2 gargoyles
  40 black mambas
  10 cane toads
  18 naga magi
  A cane toad (shapeshifter) (Elf:3)
  3 komodo dragons
  4 kobold demonologists
  3 rime drakes
  52 yaktaurs
  2 efreet
  5 ice devils (Lair:6)
  3 polar bears (Lair:6)
  2 hellwings (Orc:2)
  10 wind drakes
  3 freezing wraiths
  A red devil (Lair:6)
  19 merfolk
  7 trolls
  3 meliai (Lair:5)
  A queen bee (Lair:5)
  86 slime creatures
  A wolf spider simulacrum (D:14)
  Prince Ribbit (D:5)
  17 blink frogs
  15 dream sheep
  8 snapping turtles
  A spectral orc (Orc:2)
  A meliai zombie (D:11)
  7 small abominations (Elf:2)
  5 wraiths
  A tarantella (shapeshifter) (D:13)
  24 water elementals
  8 air elementals
  A hog (shapeshifter) (Elf:3)
  Sigmund (D:2)
  A shadow (D:13)
  3 wyverns
  8 basilisks
  42 yaks
  A fire elemental (Elf:2)
  10 golden eyes
  3 steam dragons
  10 vampire mosquitoes
  A warg (D:10)
  An acid dragon (D:6)
  35 nagas
  4 hell hounds (Lair:6)
  18 water moccasins
  3 black bears
  An ice beast (D:8)
  30 orc warriors
  A hornet zombie (D:6)
  A sky beast (D:6)
  A necrophage (D:4)
  3 wolves (Lair:4)
  10 ogres
  4 boggarts (Vaults:3)
  2 phantoms
  12 centaurs
  3 kobold brigands
  2 earth elementals
  2 gnoll sergeants
  15 bullfrogs
  A water moccasin skeleton (D:7)
  19 killer bees
  3 howler monkeys
  13 wights
  2 electric eels
  2 centaur zombies
  A bullfrog zombie (D:7)
  A jelly (D:6)
  23 orc priests
  A bullfrog skeleton (D:6)
  2 gnoll shamans
  3 hounds
  A centaur skeleton (D:7)
  Jessica (D:2)
  3 iguanas
  18 orc wizards
  A hound skeleton (D:4)
  3 howler monkey zombies
  Robin (D:2)
  34 gnolls
  3 adders (D:4)
  3 ogre simulacra (Orc:2)
  4 shadow imps
  A white imp (D:6)
  An orc simulacrum (Orc:2)
  A worm (D:3)
  2 dart slugs
  68 orcs
  10 ball pythons
  8 bats
  5 endoplasms
  22 goblins
  18 hobgoblins
  2 jackals (D:3)
  4 quokkas
  3 frilled lizards
  36 kobolds
  7 rats
1609 creatures vanquished.

Vanquished Creatures (collateral kills)
  Bai Suzhen (Vaults:2)
  A rockslime (Slime:5)
  A vault warden (Vaults:2)
  A naga warrior (Snake:4)
  A dancing weapon (Elf:2)
  4 slime creatures
9 creatures vanquished.

Vanquished Creatures (others)
  A deep elf knight (Elf:2)
  A wizard (Vaults:1)
  A deep elf pyromancer (Elf:3)
  A vampire mosquito (D:14)
  An orc warrior (D:10)
  59 fungi
  54 plants
118 creatures vanquished.

Grand Total: 1736 creatures vanquished

Notes
Turn   | Place    | Note
-------+----------+-------------------------------------------
     0 | D:1      | gimp the Naga Earth Elementalist began the quest for the
                  | Orb.
     0 | D:1      | Reached XP level 1. HP: 15/15 MP: 3/3
   237 | D:1      | Reached XP level 2. HP: 22/22 MP: 3/5
   764 | D:1      | Reached XP level 3. HP: 28/28 MP: 3/6
   959 | D:2      | Noticed Jessica
   965 | D:2      | Noticed Robin
  1044 | D:2      | Killed Robin
  1044 | D:2      | Noticed Sigmund
  1165 | D:2      | Reached XP level 4. HP: 36/36 MP: 8/8
  1169 | D:2      | Learned a level 3 spell: Stone Arrow
  1270 | D:2      | Reached skill level 1 in Conjurations
  1513 | D:2      | Found a faded altar of an unknown god.
  1549 | D:2      | Killed Sigmund
  1550 | D:2      | Reached skill level 1 in Short Blades
  1550 | D:2      | Reached skill level 5 in Earth Magic
  1550 | D:2      | Reached XP level 5. HP: 33/42 MP: 5/9
  1550 | D:2      | Reached XP level 6. HP: 38/49 MP: 5/10
  1702 | D:2      | Killed Jessica
  3116 | D:4      | Found Zeikhly's General Store.
  3121 | D:4      | Bought a scroll of fog for 22 gold pieces
  3283 | D:4      | Found an iron altar of Okawaru.
  3383 | D:4      | Reached XP level 7. HP: 55/55 MP: 8/12
  3932 | D:4      | Found a glowing silver altar of Zin.
  3932 | D:4      | Noticed an angel
  4293 | D:5      | Entered Level 5 of the Dungeon
  4863 | D:4      | Found a radiant altar of Vehumet.
  4863 | D:4      | Found a sparkling altar of Nemelex Xobeh.
  4863 | D:4      | Found a shadowy altar of Dithmenos.
  4863 | D:4      | Found a burning altar of Makhleb.
  4877 | D:4      | Became a worshipper of Vehumet
  5111 | D:5      | Noticed Prince Ribbit
  5116 | D:5      | Killed Prince Ribbit
  5117 | D:5      | Reached XP level 8. HP: 60/62 MP: 0/14
  5233 | D:5      | Found Jeehios's Book Shoppe.
  5865 | D:6      | Reached skill level 5 in Conjurations
  5920 | D:6      | Noticed a manticore
  5927 | D:6      | Killed a manticore
  6119 | D:6      | Reached XP level 9. HP: 61/68 MP: 1/15
  6545 | D:6      | Identified the +3 leather armour of Absence {rC+++ rCorr
                  | Int-3 SInv}
  6615 | D:6      | Found a staircase to the Ecumenical Temple.
  6624 | Temple   | Entered the Ecumenical Temple
  7057 | D:6      | Reached skill level 5 in Spellcasting
  7068 | D:6      | Reached * piety under Vehumet
  7068 | D:6      | Offered knowledge of Shock by Vehumet.
  7481 | D:7      | Noticed a troll
  7488 | D:7      | Killed a troll
  8296 | D:7      | Found a bloodstained altar of Trog.
  8723 | D:8      | Reached skill level 5 in Short Blades
  8810 | D:8      | Reached skill level 1 in Shields
  8817 | D:8      | Reached XP level 10. HP: 74/75 MP: 3/18
  9179 | D:8      | Reached ** piety under Vehumet
  9226 | D:8      | Offered knowledge of Searing Ray by Vehumet.
  9393 | D:8      | Found a broken altar of Ashenzari.
  9954 | D:9      | Found a staircase to the Lair.
  9954 | D:9      | Noticed a two-headed ogre
 10023 | D:9      | Learned a level 4 spell: Petrify
 10026 | D:9      | Learned a level 2 spell: Searing Ray
 10032 | D:9      | Learned a level 5 spell: Lee's Rapid Deconstruction
 10250 | D:9      | Noticed Maurice
 10267 | D:9      | Killed Maurice
 10394 | D:9      | Killed a two-headed ogre
 10395 | D:9      | Reached skill level 5 in Transmutations
 10608 | D:9      | Noticed Harold
 10624 | D:9      | Noticed a two-headed ogre
 10638 | D:9      | Killed a two-headed ogre
 11226 | D:10     | Entered Level 10 of the Dungeon
 11283 | D:10     | Reached skill level 1 in Fighting
 11285 | D:10     | Offered knowledge of Static Discharge by Vehumet.
 11286 | D:10     | Reached XP level 11. HP: 75/84 MP: 8/21
 11287 | D:10     | Reached skill level 5 in Stealth
 11848 | D:10     | Reached *** piety under Vehumet
 11851 | D:10     | Found a staircase to the Orcish Mines.
 12004 | D:10     | Noticed a two-headed ogre
 12013 | D:10     | Killed a two-headed ogre
 12101 | D:10     | Found a stormy altar of Qazlal.
 12172 | D:10     | Noticed a manticore
 12173 | D:10     | Found a runed translucent gate.
 12173 | D:10     | Found a runed translucent gate.
 12173 | D:10     | Found an opulent altar of Gozag.
 12175 | D:10     | Found a runed translucent gate.
 12176 | D:10     | Noticed an orc knight
 12176 | D:10     | Noticed karkarkar's ghost (journeyman MiBe)
 12725 | D:11     | Found Ferutsy's Distillery.
 12780 | D:11     | Found a flagged portal.
 12809 | Bailey   | Entered a bailey
 12923 | Bailey   | Offered knowledge of Airstrike by Vehumet.
 13030 | Bailey   | Noticed an orc knight
 13048 | Bailey   | Killed an orc knight
 13175 | Bailey   | Reached **** piety under Vehumet
 13195 | Bailey   | Acquired a staff of earth
 13197 | Bailey   | Acquired Great Wizards, Vol. II
 13364 | D:11     | Noticed Erica
 13371 | D:11     | Killed Erica
 13417 | D:11     | Offered knowledge of Frozen Ramparts by Vehumet.
 13882 | D:4      | Bought the ring "Cokyeps" {rF+ rN+ EV+4} for 596 gold
                  | pieces
 14010 | D:8      | Learned a level 5 spell: Borgnjor's Vile Clutch
 14162 | D:12     | Found Uxuteixi's Antique Armour Shop.
 14215 | D:12     | Noticed a white ugly thing
 14221 | D:12     | Killed a white ugly thing
 14222 | D:12     | Reached skill level 1 in Necromancy
 14441 | D:12     | Noticed a two-headed ogre
 14464 | D:12     | Found Sish's General Store.
 14575 | D:12     | Noticed a cyan ugly thing
 14575 | D:12     | Noticed a two-headed ogre
 14582 | D:12     | Killed a two-headed ogre
 14583 | D:12     | Reached skill level 1 in Armour
 14583 | D:12     | Reached XP level 12. HP: 86/97 MP: 11/24
 14952 | D:12     | Killed a two-headed ogre
 15360 | D:12     | Noticed Jorgrun
 15467 | D:13     | Noticed a two-headed ogre
 15475 | D:13     | Killed a two-headed ogre
 15606 | D:13     | Noticed a two-headed ogre
 15611 | D:13     | Noticed a two-headed ogre
 15632 | D:13     | Killed a two-headed ogre
 15640 | D:13     | Killed a two-headed ogre
 15770 | D:13     | Found a gate to the Vaults.
 15913 | D:13     | Noticed a boulder beetle
 15948 | D:13     | Noticed a death knight
 15960 | D:13     | Killed a death knight
 16086 | D:13     | Noticed a catoblepas
 16322 | D:12     | Identified the +4 trident of Ysogif {venom, Fly rN+++ MP+9
                  | Int-4}
 16414 | D:12     | Noticed a two-headed ogre
 16424 | D:12     | Killed a two-headed ogre
 16681 | Lair:1   | Entered Level 1 of the Lair of Beasts
 17071 | Lair:1   | Gained mutation: You can use your snake-like lower body to
                  | constrict enemies. [Naga growth]
 17071 | Lair:1   | Reached XP level 13. HP: 103/103 MP: 18/26
 17572 | Lair:2   | Reached ***** piety under Vehumet
 17574 | Lair:2   | Reached skill level 10 in Conjurations
 17574 | Lair:2   | Reached skill level 10 in Earth Magic
 17743 | Lair:2   | Offered knowledge of Starburst by Vehumet.
 17862 | Lair:2   | Reached skill level 10 in Stealth
 18836 | Lair:3   | Identified the +4 ring mail "Sadal" {rPois rN+ Regen+}
 19694 | Lair:3   | Found a staircase to the Shoals.
 19894 | Lair:4   | Found a staircase to the Snake Pit.
 19913 | Lair:4   | Reached skill level 5 in Necromancy
 20412 | Lair:4   | Noticed Rupert
 20812 | Lair:4   | Reached skill level 10 in Spellcasting
 21047 | Lair:4   | Killed Rupert
 21635 | Lair:4   | Identified the +7 ring mail of Integrity {MP+9 Str+2}
 21927 | Lair:5   | Reached XP level 14. HP: 104/111 MP: 26/28
 22015 | Lair:5   | Found a runed translucent door.
 22895 | Lair:5   | Noticed Sobieck's ghost (journeyman MiMo)
 23126 | Lair:5   | Found a viscous altar of Jiyva.
 23127 | Lair:5   | Found a staircase to the Slime Pits.
 23196 | Lair:6   | Entered Level 6 of the Lair of Beasts
 23683 | Lair:6   | Offered knowledge of Bolt of Magma by Vehumet.
 23696 | Lair:6   | Learned a level 5 spell: Bolt of Magma
 23800 | Lair:6   | Found a transporter.
 23803 | Lair:6   | Noticed jejorda2's ghost (journeyman SpAE)
 23909 | Lair:6   | Reached skill level 5 in Shields
 23916 | Lair:6   | Found a burning altar of Makhleb.
 23916 | Lair:6   | Found a gateway to Hell.
 24126 | Lair:6   | Found a transporter.
 25500 | Lair:6   | Found a glowing silver altar of Zin.
 26221 | Orc:1    | Entered Level 1 of the Orcish Mines
 26463 | Orc:1    | Reached XP level 15. HP: 117/117 MP: 21/30
 26516 | Orc:1    | Found Fuonyo's Distillery.
 26551 | Orc:1    | Found Githaux's Armour Boutique.
 26659 | Orc:1    | Found Yziqitim's Jewellery Shop.
 26893 | Orc:1    | Found Xycegrum's Jewellery Boutique.
 27076 | Orc:1    | Offered knowledge of Irradiate by Vehumet.
 27091 | Orc:1    | Learned a level 5 spell: Irradiate
 27146 | Orc:1    | Found Nyex Dit's Assorted Antiques.
 27152 | Orc:1    | Bought a potion of heal wounds for 190 gold pieces
 27152 | Orc:1    | Bought a potion of haste for 380 gold pieces
 27152 | Orc:1    | Bought a viscous golden potion for 34 gold pieces
 27152 | Orc:1    | Bought a scroll of identify for 76 gold pieces
 27404 | Orc:2    | Entered Level 2 of the Orcish Mines
 27544 | Orc:2    | Found a staircase to the Elven Halls.
 27994 | Orc:2    | Found Xeet's General Store.
 28120 | Orc:2    | Found a runed translucent gate.
 28120 | Orc:2    | Found a runed translucent gate.
 28120 | Orc:2    | Found a runed translucent gate.
 28313 | Orc:2    | Found Obuepat's General Store.
 28441 | Orc:2    | Found Ygoxt's General Store.
 29852 | Orc:2    | Found Qyluch's Jewellery Emporium.
 29852 | Orc:2    | Found Osisk's Antique Armour Shoppe.
 29853 | Orc:2    | Found a one-way gate leading to the halls of Pandemonium.
 30034 | Orc:2    | Noticed Lepuefeh's ghost (journeyman MiBe)
 30249 | D:13     | Identified the +1 ring mail of Zin's Esteem {rPois}
 30829 | D:14     | Reached skill level 1 in Fire Magic
 31424 | D:14     | Reached skill level 2 in Fire Magic
 31650 | D:14     | Reached skill level 15 in Conjurations
 31997 | D:14     | Reached skill level 3 in Fire Magic
 32142 | D:14     | Noticed Agnes
 32150 | D:14     | Killed Agnes
 32151 | D:14     | Reached XP level 16. HP: 124/124 MP: 9/32
 32392 | D:15     | Entered Level 15 of the Dungeon
 32766 | D:15     | Reached skill level 4 in Fire Magic
 33038 | D:15     | Found a radiant altar of Vehumet.
 33055 | D:15     | Reached ****** piety under Vehumet
 33358 | D:15     | Found Ywnio's Book Shop.
 33395 | D:15     | Offered knowledge of Iron Shot by Vehumet.
 33405 | D:15     | Learned a level 6 spell: Iron Shot
 33426 | D:15     | Found a staircase to the Depths.
 33434 | D:15     | Reached skill level 5 in Fire Magic
 34139 | Snake:1  | Entered Level 1 of the Snake Pit
 35262 | Snake:1  | Found Orofothi's Armour Shoppe.
 35262 | Snake:1  | Found Ybaraywi's Book Emporium.
 35267 | Snake:1  | Reached skill level 6 in Fire Magic
 35267 | Snake:1  | Noticed a nagaraja
 35277 | Snake:1  | Killed a nagaraja
 36670 | Snake:2  | You fall into a shaft and drop 1 floor!
 36793 | Snake:2  | Reached skill level 7 in Fire Magic
 37246 | Snake:2  | Reached XP level 17. HP: 130/130 MP: 4/34
 38013 | Snake:3  | Reached skill level 8 in Fire Magic
 38020 | Snake:3  | Offered knowledge of Conjure Ball Lightning by Vehumet.
 39085 | Snake:3  | Reached skill level 10 in Shields
 39499 | Snake:3  | Reached skill level 1 in Evocations
 39780 | Snake:3  | Found Obaerphir's Book Shoppe.
 39782 | Snake:3  | Found Wasyon's Magic Scroll Emporium.
 39785 | Snake:3  | Found Zorihaol's Distillery.
 39833 | Snake:3  | Bought a scroll of acquirement for 832 gold pieces
 39837 | Snake:3  | Acquired 807 gold pieces
 39839 | Snake:3  | Bought a scroll of magic mapping for 56 gold pieces
 39844 | Snake:3  | Bought a potion of brilliance for 52 gold pieces
 39844 | Snake:3  | Bought a potion of heal wounds for 65 gold pieces
 39844 | Snake:3  | Bought a potion of curing for 39 gold pieces
 39844 | Snake:3  | Bought a potion of cancellation for 104 gold pieces
 39844 | Snake:3  | Bought a potion of heal wounds for 65 gold pieces
 39844 | Snake:3  | Bought a potion of haste for 130 gold pieces
 39846 | Snake:3  | Bought a scroll of enchant weapon for 120 gold pieces
 39846 | Snake:3  | Bought a scroll of enchant armour for 120 gold pieces
 40151 | Snake:4  | Entered Level 4 of the Snake Pit
 40631 | Snake:4  | Reached skill level 9 in Fire Magic
 40752 | Snake:4  | Found Sumag's Jewellery Shop.
 42428 | Snake:4  | Reached XP level 18. HP: 136/137 MP: 8/36
 42600 | Snake:4  | Offered knowledge of Yara's Violent Unravelling by Vehumet.
 42755 | Snake:4  | Reached skill level 10 in Fire Magic
 43049 | Snake:4  | Got a serpentine rune of Zot
 43280 | Shoals:1 | Entered Level 1 of the Shoals
 43285 | Shoals:1 | Reached skill level 5 in Evocations
 46637 | Shoals:3 | Noticed Ilsuiw
 46798 | Shoals:2 | Offered knowledge of Lehudib's Crystal Spear by Vehumet.
 46799 | Shoals:2 | Killed Ilsuiw
 46800 | Shoals:2 | Reached skill level 11 in Fire Magic
 47527 | Shoals:4 | Entered Level 4 of the Shoals
 47527 | Shoals:4 | Found a stormy altar of Qazlal.
 47847 | Shoals:4 | Paralysed by an air elemental for 1 turns
 49283 | Shoals:4 | Reached XP level 19. HP: 106/145 MP: 20/37
 49573 | Shoals:4 | Reached skill level 15 in Spellcasting
 49573 | Shoals:4 | Reached skill level 12 in Fire Magic
 49594 | Shoals:4 | Got a barnacled rune of Zot
 50284 | Shoals:4 | Found a blossoming altar of Fedhas.
 50812 | Vaults:1 | Entered Level 1 of the Vaults
 51302 | Vaults:1 | Reached skill level 13 in Fire Magic
 52182 | Vaults:1 | Found Fuotuell's Antique Armour Emporium.
 52348 | Vaults:1 | Bought a runed cloak for 292 gold pieces
 52393 | Vaults:1 | Found Ecatwuyt's Book Shop.
 52876 | Vaults:1 | Found Gumnyqu's Weapon Shoppe.
 53177 | Vaults:1 | Found Rozo's Antique Weapon Emporium.
 53472 | Vaults:2 | Reached skill level 14 in Fire Magic
 53484 | Vaults:2 | Offered knowledge of Fire Storm by Vehumet.
 53484 | Vaults:2 | Offered knowledge of Shatter by Vehumet.
 53484 | Vaults:2 | Offered knowledge of Chain Lightning by Vehumet.
 53641 | Vaults:2 | Reached XP level 20. HP: 61/152 MP: 18/39
 54241 | Vaults:2 | Found a staircase to the Crypt.
 55273 | Vaults:2 | Noticed Bai Suzhen
 55285 | Vaults:2 | Killed Bai Suzhen
 55297 | Vaults:2 | Reached skill level 15 in Fire Magic
 55577 | Vaults:2 | Noticed Margery
 55582 | Vaults:2 | Killed Margery
 55960 | Vaults:3 | Learned a level 8 spell: Ignition
 57369 | Vaults:3 | Reached skill level 16 in Fire Magic
 57556 | Vaults:3 | Reached XP level 21. HP: 158/158 MP: 27/41
 60379 | Vaults:4 | Reached skill level 17 in Fire Magic
 61140 | Vaults:4 | Identified the +5 morningstar "Qyqiv" {drain, *Rage rC++
                  | rCorr Str+4}
 61227 | Vaults:4 | Identified the +4 rapier "Sinkur" {protect, *Rage rF++ rN+
                  | Dex+4}
 61478 | Elf:1    | Entered Level 1 of the Elven Halls
 62156 | Elf:1    | Acquired 831 gold pieces
 63191 | Elf:2    | Identified the +8 dagger of Soaxzit {speed, rElec}
 63500 | Elf:2    | Found a runed translucent gate.
 63500 | Elf:2    | Found a runed translucent gate.
 63500 | Elf:2    | Found a runed translucent gate.
 63699 | Elf:2    | Reached XP level 22. HP: 165/165 MP: 32/43
 64290 | Elf:3    | Entered Level 3 of the Elven Halls
 64334 | Elf:3    | Found Wemathroo's Antique Armour Boutique.
 64348 | Elf:3    | Reached skill level 18 in Fire Magic
 65517 | Elf:3    | Noticed Donald
 65524 | Elf:3    | Killed Donald
 65707 | Elf:3    | Identified the +8 whip "Naga's Death" {freeze, Fragile
                  | rF+++ Str+3 Int+4}
 65748 | Elf:3    | Got Sif Muna's Disquisition on Enthralling Arcane Weapons
 65755 | Elf:3    | Learned a level 5 spell: Fireball
 65774 | Elf:3    | Found the +1 cloak of Starlight {*Dazzle EV+4 Stlth--}
 65782 | Elf:3    | Found the ring of the Mage {Wiz Will++ Int+3}
 65795 | Elf:3    | Identified the ring "Napreym" {rF++ rC+}
 65800 | Elf:3    | Got Lee's Reference Book on Earth
 65808 | Elf:3    | Identified the +11 giant spiked club "Duhozues" {protect,
                  | rCorr Str+4 Dex-2 SInv}
 65862 | Elf:3    | Identified the +1 chain mail of Mysticism {rF+ rC+ rN+++
                  | Regen+}
 65937 | Elf:3    | Got the Volume of Mutagenic Fire
 66150 | Orc:2    | Killed Lepuefeh's ghost
 66465 | Lair:6   | Killed jejorda2's ghost
 66470 | Lair:6   | Identified the +1 cloak of Joy {+Blink Will+}
 66587 | Lair:5   | Killed Sobieck's ghost
 66668 | Lair:5   | Identified the ring of the Komtur {Ice Str+2}
 66816 | D:12     | Killed Jorgrun
 66926 | D:10     | Killed karkarkar's ghost
 67120 | Orc:2    | Bought a scroll of teleportation for 45 gold pieces
 67120 | Orc:2    | Bought a +0 pair of gloves of strength for 172 gold pieces
 67136 | Orc:2    | Bought 2 scrolls of teleportation for 72 gold pieces
 67169 | Orc:1    | Bought a potion of haste for 120 gold pieces
 67169 | Orc:1    | Bought a potion of resistance for 120 gold pieces
 67169 | Orc:1    | Bought a potion of haste for 120 gold pieces
 67169 | Orc:1    | Bought a potion of ambrosia for 96 gold pieces
 67169 | Orc:1    | Bought a potion of curing for 36 gold pieces
 67169 | Orc:1    | Bought a potion of curing for 36 gold pieces
 67169 | Orc:1    | Bought a potion of ambrosia for 96 gold pieces
 67169 | Orc:1    | Bought a potion of curing for 36 gold pieces
 67297 | Slime:1  | Entered Level 1 of the Pits of Slime
 67360 | Slime:1  | Reached skill level 19 in Fire Magic
 67361 | Slime:1  | Gained mutation: You are dopey. (Int -2) [a shining eye]
 68168 | Slime:2  | Reached skill level 15 in Shields
 68168 | Slime:2  | Reached XP level 23. HP: 171/171 MP: 31/44
 68708 | Slime:2  | Reached skill level 5 in Armour
 69762 | Slime:5  | Entered Level 5 of the Pits of Slime
 69878 | Slime:5  | Gained mutation: You are clumsy. (Dex -2) [a shining eye]
 70380 | Slime:5  | Noticed the Royal Jelly
 70386 | Slime:5  | Killed the Royal Jelly
 70387 | Slime:5  | Reached skill level 10 in Evocations
 70414 | Slime:5  | Demolished by an enormous slime creature

Illustrated notes

Levels and vault maps discovered:
D:1:      grunt_arrival_crossed_arrows, layout_loops_ring
D:2:      layout_rooms, dreamdust_ecumenical_altar_hidden_monk_grotto,
          uniq_jessica, uniq_robin, uniq_sigmund
D:3:      minmay_bubble_buster, layout_basic, moated_statue
D:4:      layout_loops_ring, zin_angel, nicolae_overflow_hidden_temple,
          okawaru_ov_weapons_minmay, serial_shops, nicolae_square_shop
D:5:      layout_layer_cave, serial_shops, nicolae_shop_crystal,
          kennysheep_windowed_goal, uniq_prince_ribbit1
D:6:      minmay_clustersquares, layout_rooms, minmay_temple_entry_hall,
          minmay_stone_trees_medium
D:7:      layout_loops_ring, trog_hazing_becter
D:8:      layout_basic, ashenzari_altar_1
D:9:      layout_basic, dpeg_oklobed_lair, minivault_26, uniq_maurice,
          uniq_harold
D:10:     layout_roguey, grunt_qazlal_sundering, orc_0_dummy,
          ebering_ghost_gozag, minmay_misc_feat_doors, amethyst_killhole
D:11:     layout_rooms, serial_shops, nicolae_shop_competitors_out_of_business,
          enter_bailey_8, uniq_erica
D:12:     layout_loops_ring, serial_shops, kennysheep_little_box, shop,
          serial_glass, glass_columns_b, glass_columns_a, serial_park_tiny_2,
          uniq_jorgrun
D:13:     layout_cross, david_vaults_1
D:14:     layout_cave_pods, minivault_25, uniq_agnes
D:15:     grunt_enter_depths_giant_problem, layout_basic,
          nicolae_vehumet_altar_sigil, serial_shops, nicolae_shop_stone
Temple:   dshaligram_water_room_temple
Lair:1:   layout_gridlike, grunt_megastairs_5
Lair:2:   layout_long_grid, nicolae_quartered_pool_super, lemuel_fruit_tree
Lair:3:   layout_regular_city, elwin_shoals_entry_rooms,
          minmay_lair_oklob_chamber
Lair:4:   layout_cave_pods, minmay_snake_entry_six_corridors,
          serial_bayou_crossing, uniq_rupert
Lair:5:   layout_long_grid, dpeg_slime_entry_enclosed_altar,
          ebering_ghost_reflecting_pool, special_room [special_room_bee],
          kennysheep_basilisk_garden, grunt_megastairs_2
Lair:6:   evil_forest, layout_cave_pods, gammafunk_ghost_berserking_beasts,
          lemuel_centaur_altar
Shoals:1: layout_shoals
Shoals:2: layout_shoals
Shoals:3: layout_shoals, uniq_ilsuiw
Shoals:4: shoals_end_hellmonk_storm_palace [storm_palace_center_square,
          storm_palace_corner_altar, storm_palace_corner_grid,
          storm_palace_corner_reverse_hut, storm_palace_corner_altar],
          serial_shops
Snake:1:  layout_honeycomb, minmay_shoptagon
Snake:2:  nicolae_snake_unarmed_stairs_patrol, layout_misc_corridors
Snake:3:  layout_cave_shapes, minmay_shop_star
Snake:4:  grunt_snake_rune_pools, layout_cave_town, serial_shops,
          nicolae_shop_waterfront
Slime:1:  layout_caves
Slime:2:  layout_caves
Slime:3:  cheibrodos_slime_lost_civilization_9, layout_caves
Slime:4:  layout_caves, cheibrodos_slime_lost_civilization_6
Slime:5
Orc:1:    layout_diamond_mine, serial_shops, nicolae_diamond_shop, shop,
          nicolae_diamond_shop, nicolae_shop_behind_doors,
          nicolae_shop_behind_doors
Orc:2:    pf_orc_diabolical, layout_caves, serial_shops,
          nicolae_shop_statue_plus, gammafunk_ghost_necromancy
Elf:1:    layout_gridlike, hangedman_elf_represent
Elf:2:    elven_hall_of_blades_hangedman_original [nooodl_blade_entry_preview],
          layout_onion_city, laboratory
Elf:3:    elf_hall, layout_gridlike, serial_shops, shop,
          serial_sigils_hangedman_leer, uniq_donald
Vaults:1: nicolae_vaults_theta, v_misc_29, nicolae_vaults_theta,
          v_alt_pattern_6, nicolae_vaults_big_angled_halls, v_misc_25,
          layout_vaults_omnigrid, serial_shops, nicolae_shop_trees,
          shop_fountains, nicolae_shop_waterfront, nicolae_shop_stone
Vaults:2: ontoclasm_vaults_loading_screen, minmay_crypt_entry_nasty_monster,
          nicolae_vaults_what_the_h, hangedman_vaults_stagger,
          vaults_room_door_hall, ontoclasm_vaults_hangar,
          nicolae_vaults_ring_of_whatevers, hangedman_vaults_nails, v_misc_4,
          nicolae_vaults_mini_display_case, ontoclasm_vaults_misaligned,
          v_misc_8, layout_vaults_omnicross, uniq_margery, uniq_bai_suzhen
Vaults:3: v_misc_19, hangedman_vaults_capsules, v_rooms_1,
          hangedman_vaults_pinch, ontoclasm_vaults_tryst,
          nicolae_vaults_network_square, vaults_dpeg_ring,
          vaults_room_ringed_pool, nicolae_vaults_little_squares_1,
          layout_vaults_ring
Vaults:4: vaults_room_pools, vaults_dpeg_encased_lava, v_misc_1, v_misc_26,
          vaults_room_hangedman_quadrants, vaults_room_stairs_pillars,
          nicolae_vaults_alarming, ontoclasm_vaults_eye,
          hangedman_vaults_corner, grunt_vaults_twisty, vaults_mumra_lcd,
          layout_vaults_omnibox

Skill      XL: |  1  2  3  4  5  6  7  8  9 10 11 12 13 14 15 16 17 18 19 20 21 22 23 |
---------------+----------------------------------------------------------------------+-----
Earth Magic    | 4 5 6 7 8 9 10 | 10.0
Conjurations   | 2 3 4 5 7 8 9 11 13 15 | 15.0
Short Blades   | 1 2 3 5 6 |  6.0
Spellcasting   | 3 4 5 6 8 9 10 11 12 13 14 15 16 17 18 | 18.4
Transmutations | 2 6 8 |  8.0
Shields        | 1 2 3 5 7 9 10 11 12 13 14 15 | 15.0
Stealth        | 4 8 9 10 | 10.0
Fighting       | 1 3 |  3.0
Necromancy     | 2 4 6 |  6.0
Armour         | 1 3 4 8 |  8.9
Dodging        | 3 |  3.0
Fire Magic     | 3 7 9 11 14 16 17 19 | 19.0
Evocations     | 4 8 10 | 10.1

Action                   |  1- 3 |  4- 6 |  7- 9 | 10-12 | 13-15 | 16-18 | 19-21 | 22-24 || total
-------------------------+-------+-------+-------+-------+-------+-------+-------+-------++-------
Melee: Unarmed           |     2 |       |       |       |       |       |       |       ||     2
       Dagger            |       |    33 |    45 |   164 |   219 |   258 |   300 |    72 ||  1091
       Staff             |       |       |       |     1 |    68 |    59 |    90 |    60 ||   278
       Constrict         |       |       |       |       |    45 |    49 |    43 |     4 ||   141
 Cast: Sandblast         |    30 |    19 |       |    30 |     8 |       |       |       ||    87
       Stone Arrow       |       |    33 |   120 |   212 |   611 |   146 |       |       ||  1122
       Petrify           |       |       |       |    41 |    27 |     5 |       |       ||    73
       Searing Ray       |       |       |       |     8 |    10 |     1 |       |       ||    19
       Lee's Rapid Decon |       |       |       |       |    11 |       |    17 |     3 ||    31
       Borgnjor's Vile C |       |       |       |       |    23 |    26 |    15 |     1 ||    65
       Bolt of Magma     |       |       |       |       |    18 |    59 |    33 |    12 ||   122
       Irradiate         |       |       |       |       |     5 |    30 |    50 |    32 ||   117
       Iron Shot         |       |       |       |       |       |   396 |   454 |   204 ||  1054
       Ignition          |       |       |       |       |       |       |     3 |    19 ||    22
 Abil: Spit Poison       |    23 |    21 |     4 |       |       |       |       |       ||    48
Evoke: Wand              |       |       |     5 |     7 |     4 |     2 |     5 |     5 ||    28
       Phantom mirror    |       |       |       |       |     1 |     3 |       |       ||     4
       Box of beasts     |       |       |       |       |       |       |     2 |     2 ||     4
       Lightning rod     |       |       |       |       |       |       |     4 |       ||     4
       Tin of tremorston |       |       |       |       |       |       |       |     1 ||     1
  Use: Scroll            |       |       |    11 |    10 |    11 |    11 |     1 |     5 ||    49
       Potion            |       |       |       |     1 |     2 |     2 |     1 |     2 ||     8
 Stab: Petrified         |       |       |       |    38 |    23 |     2 |       |       ||    63
       Sleeping          |       |       |       |     1 |       |     1 |       |       ||     2
       Petrifying        |       |       |       |       |     2 |       |       |       ||     2
       Distracted        |       |       |       |       |       |       |     2 |       ||     2
Armor: Robe              |     1 |       |       |       |       |       |       |       ||     1
       Leather armour    |     7 |    31 |    43 |   102 |   227 |   218 |   184 |    26 ||   838
       Chain mail        |       |       |       |       |       |       |       |   136 ||   136
Dodge: Dodged            |    16 |     5 |    34 |    88 |   301 |   213 |   178 |    39 ||   874
Block: Buckler           |       |       |       |    63 |   161 |       |       |       ||   224
       Kite shield       |       |       |       |       |    31 |    28 |       |       ||    59
       Tower shield      |       |       |       |       |       |   453 |   461 |   210 ||  1124
       Reflection        |       |       |       |       |       |    60 |    63 |    28 ||   151
